BR (22 & UNDER)
ATLANTIC CITY WAR DOGS @ RANCHO CUCAMONGA SICK MONKEYS
08/24/2029
 
TOP OF THE 1ST
Atlantic City War Dogs batting - Pitching for Rancho Cucamonga Sick Monkeys : RHP Alonso Delgado
Pitching: RHP Alonso Delgado
Batting: LHB Chris Martin 0-0: Ball
1-0: Called Strike
1-1: Ball
2-1: Ball
3-1: Base on Balls
Batting: LHB Matt Clark 0-0: Fly out, F9 (Flyball, 89S)
Batting: LHB Patrick Ferguson 0-0: SINGLE (Line Drive, 7S)
Chris Martin to second
Batting: LHB Tomás Mata 0-0: Called Strike
0-1: SINGLE (Groundball, 6MD)
Chris Martin to third
Patrick Ferguson to second
Runner from 3rd tries for Home, SAFE, no throw
Batting: RHB Ed Vega 0-0: Swinging Strike
0-1: Called Strike
0-2: Ball
1-2: Foul Ball, location: 2F
1-2: Ball
2-2: Fly out, F9 (Flyball, 9S)
Batting: SHB Luis Días 0-0: Foul Ball, location: 2F
0-1: Ball
1-1: Ground out 4-3 (Groundball, 4)
Top of the 1st over - 1 run, 2 hits, 0 errors, 2 left on base; Atlantic City 1 - Rancho Cucamonga 0
BOTTOM OF THE 1ST
Rancho Cucamonga Sick Monkeys batting - Pitching for Atlantic City War Dogs : LHP Will Hayes
Pitching: LHP Will Hayes
Batting: SHB Jimmy Mayer 0-0: Ball
1-0: Ball
2-0: Foul Ball, location: 2F
2-1: Ground out 4-3 (Groundball, 4S)
Batting: SHB Paco Estrada 0-0: Swinging Strike
0-1: Ball
1-1: Fly out, F9 (Line Drive, 89M)
Batting: LHB Ed Ballard 0-0: Ball
1-0: Foul Ball, location: 2F
1-1: Ball
2-1: Fly out, F8 (Flyball, 8RD)
Bottom of the 1st over - 0 runs, 0 hits, 0 errors, 0 left on base; Atlantic City 1 - Rancho Cucamonga 0
TOP OF THE 2ND
Atlantic City War Dogs batting - Pitching for Rancho Cucamonga Sick Monkeys : RHP Alonso Delgado
Batting: RHB Wyatt Wallace 0-0: Called Strike
0-1: Ball
1-1: Ball
2-1: Fly out, F7 (Flyball, 7D)
Batting: RHB Eric Turner 0-0: Ball
1-0: Ball
2-0: Ball
3-0: Called Strike
3-1: Foul Ball, location: 2F
3-2: Base on Balls
Batting: RHB Jesús León 0-0: Grounds into double play, 6-4-3 (Groundball, 6)
Top of the 2nd over - 0 runs, 0 hits, 0 errors, 0 left on base; Atlantic City 1 - Rancho Cucamonga 0
BOTTOM OF THE 2ND
Rancho Cucamonga Sick Monkeys batting - Pitching for Atlantic City War Dogs : LHP Will Hayes
Batting: LHB Terry Barton 0-0: Fly out, F9 (Flyball, 9)
Batting: RHB Hank Brown 0-0: Fly out, F9 (Line Drive, 9LM)
Batting: LHB Kevin Hatcher 0-0: Ball
1-0: Fly out, F8 (Flyball, 89M)
Bottom of the 2nd over - 0 runs, 0 hits, 0 errors, 0 left on base; Atlantic City 1 - Rancho Cucamonga 0
TOP OF THE 3RD
Atlantic City War Dogs batting - Pitching for Rancho Cucamonga Sick Monkeys : RHP Alonso Delgado
Batting: LHB Chris Martin 0-0: Ground out 5-3 (Groundball, 5)
Batting: LHB Matt Clark 0-0: Called Strike
0-1: Ball
1-1: Called Strike
1-2: Ball
2-2: Ground out U3 (Groundball, 34)
Batting: LHB Patrick Ferguson 0-0: Foul Ball, location: 2F
0-1: Ball
1-1: Ball
2-1: Called Strike
2-2: Foul Ball, location: 2F
2-2: Ball
3-2: Strikes out swinging
Top of the 3rd over - 0 runs, 0 hits, 0 errors, 0 left on base; Atlantic City 1 - Rancho Cucamonga 0
BOTTOM OF THE 3RD
Rancho Cucamonga Sick Monkeys batting - Pitching for Atlantic City War Dogs : LHP Will Hayes
Batting: RHB Aaron Adams 0-0: Ball
1-0: Called Strike
1-1: Foul Ball, location: 2F
1-2: Ground out 5-3 (Groundball, 56S)
Batting: RHB Rod Zamora 0-0: SINGLE (Flyball, 8LS)
Batting: RHB Mike Cooley 0-0: Ball
1-0: Grounds into double play, 6-4-3 (Groundball, 6)
Bottom of the 3rd over - 0 runs, 1 hit, 0 errors, 0 left on base; Atlantic City 1 - Rancho Cucamonga 0
TOP OF THE 4TH
Atlantic City War Dogs batting - Pitching for Rancho Cucamonga Sick Monkeys : RHP Alonso Delgado
Batting: LHB Tomás Mata 0-0: Foul Ball, location: 2F
0-1: Ball
1-1: Foul Ball, location: 2F
1-2: SINGLE (Line Drive, 34D)
Batting: RHB Ed Vega 0-0: Swinging Strike
0-1: Called Strike
0-2: Ball
1-2: Ball
2-2: Strikes out swinging
Batting: SHB Luis Días 0-0: Fielders Choice at 2nd, 4-6 (Groundball, 4)
Batting: RHB Wyatt Wallace 0-0: Called Strike
Luis Días is caught stealing 2nd base
Top of the 4th over - 0 runs, 1 hit, 0 errors, 0 left on base; Atlantic City 1 - Rancho Cucamonga 0
BOTTOM OF THE 4TH
Rancho Cucamonga Sick Monkeys batting - Pitching for Atlantic City War Dogs : LHP Will Hayes
Batting: SHB Jimmy Mayer 0-0: Ball
1-0: Called Strike
1-1: Foul Ball, location: 2F
1-2: Ball
2-2: Ball
3-2: Foul Ball, location: 2F
3-2: Strikes out swinging, 2-3 out at first.
Batting: SHB Paco Estrada 0-0: Called Strike
0-1: Called Strike
0-2: Foul Ball, location: 2F
0-2: Hit by Pitch
Batting: LHB Ed Ballard 0-0: Called Strike
0-1: SINGLE (Groundball, 56S) (infield hit)
Paco Estrada to second
Batting: LHB Terry Barton 0-0: Swinging Strike
0-1: Fly out, F8 (Flyball, 78M)
Batting: RHB Hank Brown 0-0: Called Strike
0-1: Ball
1-1: Called Strike
1-2: Ball
2-2: Fly out, F4 (Line Drive, 4)
Bottom of the 4th over - 0 runs, 1 hit, 0 errors, 2 left on base; Atlantic City 1 - Rancho Cucamonga 0
TOP OF THE 5TH
Atlantic City War Dogs batting - Pitching for Rancho Cucamonga Sick Monkeys : RHP Alonso Delgado
Batting: RHB Wyatt Wallace 0-0: Ball
1-0: DOUBLE (Line Drive, 7LS)
Batting: RHB Eric Turner 0-0: Intentional Walk
Batting: RHB Jesús León 0-0: Fly out, F8 (Flyball, 8RD)
Batting: LHB Chris Martin 0-0: Ball
1-0: Ball
2-0: Ball
3-0: Base on Balls
Wyatt Wallace to third
Eric Turner to second
Batting: LHB Matt Clark 0-0: Ball
1-0: SINGLE (Groundball, 34D)
Wyatt Wallace scores
Eric Turner to third
Chris Martin to second
Batting: LHB Patrick Ferguson 0-0: Called Strike
0-1: Ball
1-1: Ball
2-1: Ground out 5-3 (Groundball, 2L)
Eric Turner scores
Chris Martin to third
Matt Clark to second
Batting: LHB Tomás Mata 0-0: Ball
1-0: Ball
2-0: Called Strike
2-1: Called Strike
2-2: Strikes out swinging
Top of the 5th over - 2 runs, 2 hits, 0 errors, 2 left on base; Atlantic City 3 - Rancho Cucamonga 0
BOTTOM OF THE 5TH
Rancho Cucamonga Sick Monkeys batting - Pitching for Atlantic City War Dogs : LHP Will Hayes
Batting: LHB Kevin Hatcher 0-0: Ball
1-0: Foul Ball, location: 2F
1-1: SINGLE (Groundball, 6MD)
Batting: RHB Aaron Adams 0-0: Ball
1-0: Ball
2-0: Ball
3-0: Called Strike
3-1: Base on Balls
Kevin Hatcher to second
Batting: RHB Rod Zamora 0-0: Called Strike
0-1: Foul Ball, location: 2F
0-2: Ball
1-2: Grounds into double play, 5-4-3 (Groundball, 56)
Kevin Hatcher to third
Batting: RHB Mike Cooley 0-0: SINGLE (Groundball, 4MD)
Kevin Hatcher scores
Batting: SHB Jimmy Mayer 0-0: Ball
1-0: Foul Ball, location: 2F
1-1: Called Strike
1-2: Ball
2-2: Ball
3-2: Foul Ball, location: 2F
3-2: Strikes out swinging
Bottom of the 5th over - 1 run, 2 hits, 0 errors, 1 left on base; Atlantic City 3 - Rancho Cucamonga 1
TOP OF THE 6TH
Atlantic City War Dogs batting - Pitching for Rancho Cucamonga Sick Monkeys : RHP Alonso Delgado
Batting: RHB Ed Vega 0-0: Called Strike
0-1: Ground out 6-3 (Groundball, 6)
Batting: SHB Luis Días 0-0: Called Strike
0-1: Called Strike
0-2: Ball
1-2: Strikes out swinging
Batting: RHB Wyatt Wallace 0-0: Called Strike
0-1: Ball
1-1: Foul Ball, location: 2F
1-2: Foul Ball, location: 2F
1-2: Ground out 6-3 (Groundball, 6)
Top of the 6th over - 0 runs, 0 hits, 0 errors, 0 left on base; Atlantic City 3 - Rancho Cucamonga 1
BOTTOM OF THE 6TH
Rancho Cucamonga Sick Monkeys batting - Pitching for Atlantic City War Dogs : LHP Will Hayes
Batting: SHB Paco Estrada 0-0: Foul Ball, location: 2F
0-1: Ball
1-1: Swinging Strike
1-2: Ball
2-2: Ball
3-2: Ground out 4-3 (Groundball, 4)
Batting: LHB Ed Ballard 0-0: SINGLE (Groundball, 4MS) (infield hit)
Batting: LHB Terry Barton 0-0: Called Strike
0-1: SINGLE (Groundball, 2L) (infield hit)
Ed Ballard to second
Batting: RHB Hank Brown 0-0: Called Strike
0-1: Fly out, F7 (Flyball, 78M)
Batting: LHB Kevin Hatcher 0-0: Called Strike
0-1: Called Strike
0-2: Strikes out looking
Bottom of the 6th over - 0 runs, 2 hits, 0 errors, 2 left on base; Atlantic City 3 - Rancho Cucamonga 1
TOP OF THE 7TH
Atlantic City War Dogs batting - Pitching for Rancho Cucamonga Sick Monkeys : RHP Alonso Delgado
Batting: RHB Eric Turner 0-0: Swinging Strike
0-1: Ball
1-1: Ball
2-1: Ball
3-1: Fly out, F4 (Popup, 34S)
Batting: RHB Jesús León 0-0: Called Strike
0-1: Swinging Strike
0-2: Ball
1-2: SINGLE (Groundball, 34S) (infield hit)
Batting: LHB Chris Martin 0-0: Called Strike
0-1: Ball
1-1: Ball
2-1: Foul Ball, location: 2F
2-2: Foul Ball, location: 2F
2-2: Ball
3-2: Foul Ball, location: 2F
3-2: Foul Ball, location: 2F
3-2: Strikes out swinging
Jesús León is caught stealing 2nd base
Batter strikes out.
Top of the 7th over - 0 runs, 1 hit, 0 errors, 0 left on base; Atlantic City 3 - Rancho Cucamonga 1
BOTTOM OF THE 7TH
Rancho Cucamonga Sick Monkeys batting - Pitching for Atlantic City War Dogs : LHP Will Hayes
Batting: RHB Aaron Adams 0-0: Ball
1-0: Ball
2-0: DOUBLE (Flyball, 8RD)
Batting: RHB Rod Zamora 0-0: Ball
1-0: Foul Ball, location: 2F
1-1: Fly out, F7 (Line Drive, 7D)
Batting: RHB Mike Cooley 0-0: Ball
1-0: Ball
2-0: Ground out 6-3 (Groundball, 6)
Batting: SHB Jimmy Mayer 0-0: Foul Ball, location: 2F
0-1: Ball
1-1: Called Strike
1-2: Strikes out swinging
Bottom of the 7th over - 0 runs, 1 hit, 0 errors, 1 left on base; Atlantic City 3 - Rancho Cucamonga 1
TOP OF THE 8TH
Atlantic City War Dogs batting - Pitching for Rancho Cucamonga Sick Monkeys : RHP Alonso Delgado
Pitching: RHP Clyde Fisher
Batting: LHB Matt Clark 0-0: Ball
1-0: Ball
2-0: Ball
3-0: Called Strike
3-1: Base on Balls
Batting: LHB Patrick Ferguson 0-0: SINGLE (Groundball, 34D)
Matt Clark to second
Runner from 2nd tries for 3rd, SAFE, throw made to third
Batting: LHB Tomás Mata 0-0: Swinging Strike
0-1: Swinging Strike
0-2: Ball
1-2: Ball
2-2: Ball
3-2: Base on Balls
Patrick Ferguson to second
Batting: RHB Ed Vega 0-0: Ball
1-0: Foul Ball, location: 2F
1-1: Swinging Strike
1-2: Strikes out swinging
Pinch Hitting: RHB Kevin Robinson 0-0: Foul Ball, location: 2F
0-1: Ball
1-1: Ball
2-1: Grounds into fielders choice 6-2 (Groundball, 6)
Patrick Ferguson to third
Tomás Mata to second
Pinch Hitting: RHB David Gallardo 0-0: Ball
1-0: Foul Ball, location: 2F
1-1: Called Strike
1-2: Ball
2-2: Foul Ball, location: 2F
2-2: Ball
3-2: Base on Balls
Patrick Ferguson scores
Tomás Mata to third
Kevin Robinson to second
Pinch Hitting: RHB José Corral 0-0: Called Strike
0-1: Foul Ball, location: 2F
0-2: Ball
1-2: Ball
Passed Ball!
Tomás Mata scores
Kevin Robinson to third
David Gallardo to second
2-2: Ball
3-2: Strikes out swinging
Top of the 8th over - 2 runs, 1 hit, 0 errors, 2 left on base; Atlantic City 5 - Rancho Cucamonga 1
BOTTOM OF THE 8TH
Rancho Cucamonga Sick Monkeys batting - Pitching for Atlantic City War Dogs : LHP Will Hayes
Now at 2B: Roberto Díaz
Now at 3B: Kevin Robinson
Now in LF: José Corral
Batting: SHB Paco Estrada 0-0: Called Strike
0-1: Ground out 6-3 (Groundball, 6)
Batting: LHB Ed Ballard 0-0: Ball
1-0: Ball
2-0: Fly out, F5 (Flyball, 56D)
Batting: LHB Terry Barton 0-0: DOUBLE (Line Drive, 7LM)
Pitching: RHP Ed Crawford
Batting: RHB Hank Brown 0-0: Ball
1-0: Ball
2-0: Ball
3-0: Called Strike
3-1: Called Strike
3-2: Foul Ball, location: 2F
3-2: Foul Ball, location: 2F
3-2: Foul Ball, location: 2F
3-2: Foul Ball, location: 2F
3-2: Fly out, F3 (Popup, 3F)
Bottom of the 8th over - 0 runs, 1 hit, 0 errors, 1 left on base; Atlantic City 5 - Rancho Cucamonga 1
TOP OF THE 9TH
Atlantic City War Dogs batting - Pitching for Rancho Cucamonga Sick Monkeys : RHP Clyde Fisher
Pitching: RHP Juan Muñóz
Batting: RHB Jesús León 0-0: Ball
1-0: Ball
2-0: Ball
3-0: Called Strike
3-1: Ground out 6-3 (Groundball, 6)
Batting: LHB Chris Martin 0-0: Ball
1-0: Ball
2-0: Called Strike
2-1: Swinging Strike
2-2: Ball
3-2: Strikes out looking
Batting: LHB Matt Clark 0-0: Ball
1-0: Ground out 6-3 (Groundball, 6)
Top of the 9th over - 0 runs, 0 hits, 0 errors, 0 left on base; Atlantic City 5 - Rancho Cucamonga 1
BOTTOM OF THE 9TH
Rancho Cucamonga Sick Monkeys batting - Pitching for Atlantic City War Dogs : RHP Ed Crawford
Pitching: RHP Gabriel García
Batting: LHB Kevin Hatcher 0-0: Ball
1-0: Ball
2-0: Called Strike
2-1: SINGLE (Line Drive, 89M)
Batting: RHB Aaron Adams 0-0: Ball
1-0: Grounds into double play, 6-4-3 (Groundball, 6)
Batting: RHB Rod Zamora 0-0: Ball
1-0: Ball
2-0: Called Strike
2-1: Ball
3-1: Swinging Strike
3-2: Strikes out looking
Bottom of the 9th over - 0 runs, 1 hit, 0 errors, 0 left on base; Atlantic City 5 - Rancho Cucamonga 1
Saturday, December 16th, 2017 - OOTP Baseball 18.8 Build 76